 Dungeon Crawl Stone Soup version 0.19-a0-1886-gd64a0f0 (webtiles) character file.

330 Amnesiac the Skirmisher (level 6, -5/67 HPs)
             Began as an Ogre Wizard on Oct 16, 2016.
             Killed by divine providence
             ... invoked by an orc priest
              (9 damage)
             ... on level 5 of the Dungeon.
             The game lasted 00:04:43 (2691 turns).

Amnesiac the Skirmisher (Ogre Wizard)               Turns: 2691, Time: 00:04:44

Health: -5/67      AC:  3    Str: 13    XL:     6   Next: 51%
Magic:  3/10       EV: 10    Int: 17    God:
Gold:   63         SH:  0    Dex: 10    Spells: 6 memorised, 0 levels left

rFire  . . .     SeeInvis .     e - +1 spear (pierce)
rCold  . . .     Gourm    .     a - +0 robe
rNeg   . . .     Faith    .     (no shield)
rPois  .         Spirit   .     b - +0 hat
rElec  .         Dismiss  .     (no cloak)
rCorr  .         Reflect  .     (gloves unavailable)
MR     .....     Harm     .     (boots unavailable)
Stlth  ++........ Clarity  +    (no amulet)
                                (no ring)
                                (no ring)

@: very slightly contaminated, repel missiles, invisible
A: unfitting armour, clarity, low mp 1, screaming 1, tough skin 1
a: no special abilities


You were on level 5 of the Dungeon.
You were very hungry.

You visited 1 branch of the dungeon, and saw 5 of its levels.

You collected 63 gold pieces.

Inventory:

Hand Weapons
 e - a +1 spear of piercing (weapon)
Missiles
 p - 4 large rocks (quivered)
Armour
 a - a +0 robe (worn)
 b - a +0 hat (worn)
Wands
 h - a wand of teleportation (4/9)
Scrolls
 f - 2 scrolls of remove curse {unknown}
 i - a scroll of immolation {unknown}
 j - a scroll of enchant weapon {unknown}
 k - a scroll of identify {unknown}
 n - a scroll of fear
 o - a scroll of enchant armour {unknown}
Potions
 m - a potion of flight {unknown}
Books
 c - a book of Minor Magic

   Spells                             Type                      Level
   a - Magic Dart                     Conjuration                  1
   b - Blink                          Translocation                2
   c - Call Imp                       Summoning                    2
   d - Repel Missiles                 Charms/Air                   2
   e - Slow                           Hexes                        2
   f - Conjure Flame                  Conjuration/Fire             3
   g - Mephitic Cloud                 Conjuration/Poison/Air       3
Comestibles
 d - 3 bread rations
 g - a meat ration
 q - 2 fruits


   Skills:
 + Level 5.9 Fighting
 - Level 1.7 Dodging
 - Level 1.4 Stealth
 - Level 4.0 Spellcasting
 - Level 1.0 Conjurations
 - Level 1.0 Summonings
 - Level 1.2 Translocations
 - Level 1.0 Fire Magic
 - Level 1.1 Air Magic
 - Level 1.2 Poison Magic


You couldn't memorise any spells.
You knew the following spells:

 Your Spells              Type           Power        Failure   Level  Hunger
a - Repel Missiles        Chrm/Air       #.....       21%         2    ##.....
b - Blink                 Tloc           N/A          17%         2    ##.....
d - Call Imp              Summ           #.......     17%         2    ##.....
e - Mephitic Cloud        Conj/Pois/Air  #.......     30%         3    ###....
f - Magic Dart            Conj           #...         12%         1    None
s - Conjure Flame         Conj/Fire      #.......     30%         3    ###....


Dungeon Overview and Level Annotations

Branches:
Dungeon (5/15)
 Temple: D:4-7

Altars:


Innate Abilities, Weirdness & Mutations

You are too large for most types of armour.
You have tough skin. (AC +1)
You possess an exceptional clarity of mind.
Your magical capacity is low. (-10% MP)
You occasionally shout uncontrollably at your foes.


Message History

* * * LOW HITPOINT WARNING * * *
It was a potion of invisibility.
You fade into invisibility!
The orc priest closely misses you. The orc barely misses you.
You catch the helpless orc priest completely off-guard!
You hit the orc priest.
The orc priest is heavily wounded.
The orc priest drinks a potion.
The orc priest is healed!
The orc barely misses you.
You hit the orc priest.
The orc priest is heavily wounded.
The orc priest hits you with a short sword.
* * * LOW HITPOINT WARNING * * *
The orc priest hits you with a short sword.
* * * LOW HITPOINT WARNING * * *
You closely miss the orc priest.
The orc priest is heavily wounded.
The orc priest calls down the wrath of Beogh upon you.
Beogh smites you!
You die...

#########(. ##.o@......#
#..o.......#
#############..#####...#
#..............######.##
#.###########...!).....#
#.# #..######..# #.#
#..# #.# #..# .. #.#
#..# ..


You could see an orc priest and an orc.

Vanquished Creatures
  A sky beast (D:4)
  An ogre (D:4)
  A scorpion (D:5)
  A hound (D:5)
  6 adders
  A shadow imp (D:5)
  An adder skeleton (D:4)
  A dart slug (D:1)
  A worm (D:3)
  2 orcs
  2 giant cockroaches (D:3)
  4 goblins
  2 hobgoblins
  6 jackals
  4 kobolds
  A quokka (D:5)
  A ball python zombie (D:5)
  3 bats
  6 frilled lizards
  A jackal skeleton (D:4)
46 creatures vanquished.

Notes
Turn   | Place    | Note
-------+----------+-------------------------------------------
     0 | D:1      | Amnesiac the Ogre Wizard began the quest for the Orb.
     0 | D:1      | Reached XP level 1. HP: 16/16 MP: 5/5
    47 | D:1      | Reached XP level 2. HP: 14/24 MP: 7/7
    49 | D:1      | Reached skill level 1 in Conjurations
   166 | D:1      | Reached skill level 1 in Fighting
   215 | D:2      | Found a faded altar of an unknown god.
   449 | D:3      | Reached skill level 2 in Fighting
   538 | D:3      | Reached XP level 3. HP: 4/36 MP: 4/8
   576 | D:3      | Learned a level 2 spell: Call Imp
   580 | D:3      | Learned a level 3 spell: Mephitic Cloud
   584 | D:3      | Learned a level 3 spell: Conjure Flame
   884 | D:3      | Reached skill level 3 in Fighting
  1113 | D:4      | Reached skill level 1 in Fire Magic
  1113 | D:4      | Reached XP level 4. HP: 29/45 MP: 10/10
  1198 | D:4      | Learned a level 2 spell: Repel Missiles
  1746 | D:4      | Noticed an ogre
  1779 | D:4      | Killed an ogre
  1779 | D:4      | Reached skill level 1 in Air Magic
  1779 | D:4      | Reached skill level 1 in Poison Magic
  1779 | D:4      | Reached XP level 5. HP: 53/53 MP: 6/11
  1865 | D:4      | Found Ehiho's Gadget Boutique.
  2093 | D:4      | Noticed a sky beast
  2110 | D:4      | Killed a sky beast
  2110 | D:4      | Reached skill level 5 in Fighting
  2156 | D:5      | Entered Level 5 of the Dungeon
  2200 | D:5      | Reached XP level 6. HP: 66/66 MP: 12/12
  2205 | D:5      | Reached skill level 1 in Summonings
  2214 | D:5      | Learned a level 2 spell: Blink
  2318 | D:5      | Reached skill level 1 in Translocations
  2355 | D:5      | Noticed a sky beast
  2685 | D:5      | Gained mutation: You possess an exceptional clarity of mind. [potion of mutation]
  2685 | D:5      | Gained mutation: You occasionally shout uncontrollably at your foes. [potion of mutation]
  2685 | D:5      | Gained mutation: Your magical capacity is low. (-10% MP) [potion of mutation]
  2691 | D:5      | Killed from afar by an orc priest

Vault maps used:
D:1:      minmay_arrival_open_corners, serial_park_tiny_pond
D:2:      ecumenical_altar_1, uniq_natasha
D:3:      grunt_qazlal_clouds, first_bread
D:4:      serial_shops, kennysheep_mini_moat
D:5:      serial_shops, nicolae_shop_window_shopping

Skill      XL: |  1  2  3  4  5  6 |
---------------+-------------------+-----
Spellcasting   | 4 |  4.0
Conjurations   | 1 |  1.0
Fighting       | 2 3 5 |  5.9
Fire Magic     | 1 |  1.0
Air Magic      | 1 |  1.1
Poison Magic   | 1 |  1.2
Summonings     | 1 |  1.0
Translocations | 1 |  1.2
Dodging        | |  1.7
Stealth        | |  1.4

Action                   |  1- 3 |  4- 6 || total
-------------------------+-------+-------++-------
Melee: Spear             |   106 |    99 ||   205
 Cast: Magic Dart        |     3 |     2 ||     5
       Call Imp          |       |     4 ||     4
       Repel Missiles    |       |     1 ||     1
       Mephitic Cloud    |       |     4 ||     4
       Conjure Flame     |       |     1 ||     1
  Use: Potion            |       |     4 ||     4
       Scroll            |       |     1 ||     1
 Stab: Sleeping          |       |     1 ||     1
       Confused          |       |     1 ||     1
       Distracted        |       |     1 ||     1
       Invisible         |       |     1 ||     1
  Eat: Chunk             |       |     6 ||     6
Armor: Robe              |    26 |    19 ||    45
Dodge: Dodged            |    48 |    66 ||   114
       Deflected         |       |     1 ||     1
